 Dungeon Crawl Stone Soup version 0.20.1-1-g8b1a95d (console) character file.

161802 hilaritas the Warrior (level 17, -3/181 HPs)
             Began as a Deep Dwarf Gladiator on Oct 7, 2017.
             Was an Elder of Trog.
             Killed from afar by a shock serpent (6 damage)
             ... with a bolt of electricity
             ... on level 4 of the Snake Pit.
             The game lasted 01:30:11 (24975 turns).

hilaritas the Warrior (Deep Dwarf Gladiator)       Turns: 24975, Time: 01:30:12

Health: -3/181     AC: 30    Str: 29    XL:     17   Next: 20%
Magic:  1/1        EV: 13    Int:  8    God:    Trog [****..]
Gold:   60         SH: 29    Dex: 21    Spells: 16/16 levels left

rFire    . . .     SeeInvis +   a - +8 double sword (antimagic)
rCold    + . .     Gourm    .   p - +10 large shield of Ignorance {rN+ Int-4}
rNeg     + + .     Faith    +   S - +5 chain mail of Follow the Leader {Dex+3 Slay+2}
rPois    +         Spirit   .   c - +3 crown of Dyrovepreva {rElec Int+2 SInv}
rElec    +         Reflect  .   v - +1 cloak {rC+}
rCorr    .         Harm     .   C - +2 pair of gloves {archery}
MR       ++...                  j - +2 pair of boots
Stlth    ..........             u - amulet of faith
Regen    0.0/turn               y - +5 ring of slaying
MPRegen  0.1/turn               R - ring of poison resistance

@: mighty, berserk cooldown, non-regenerating, hasted, very quick
A: damage resistance, heal wounds, thin skeletal structure 1, agile 1, low mp 1,
negative energy resistance 1, sense surroundings 2, no regeneration
a: Heal Wounds, Berserk, Trog's Hand, Brothers in Arms, Burn Spellbooks,
Renounce Religion


You were on level 4 of the Snake Pit.
You worshipped Trog.
Trog was greatly pleased with you.
You were not hungry.

You visited 4 branches of the dungeon, and saw 27 of its levels.
You also visited: Ice Cave.

You collected 3484 gold pieces.
You spent 3424 gold pieces at shops.

Inventory:

Hand Weapons
 a - a +8 antimagic double sword (weapon)
 I - a +2 scimitar of flaming
Missiles
 d - 3 throwing nets (quivered)
Armour
 c - the +3 crown of Dyrovepreva (worn) {rElec Int+2 SInv}
   (You bought it in a shop on level 8 of the Dungeon)

   It affects your intelligence (+2).
   It insulates you from electricity.
   It lets you see invisible.
 j - a +2 pair of boots (worn)
 p - the +10 large shield of Ignorance (worn) {rN+ Int-4}
   (You bought it in a shop on level 8 of the Dungeon)

   It affects your intelligence (-4).
   It protects you from negative energy.
 v - a +1 cloak of cold resistance (worn)
 C - a +2 pair of gloves of archery (worn)
 S - the +5 chain mail of Follow the Leader (worn) {Dex+3 Slay+2}
   (You found it on level 11 of the Dungeon)

   It affects your dexterity (+3).
   It affects your accuracy and damage with ranged weapons and melee attacks
   (+2).
Jewellery
 e - an uncursed ring of positive energy
 t - an uncursed ring of flight
 u - an amulet of faith (around neck)
 y - a +5 ring of slaying (left hand)
 E - an uncursed ring of protection from fire
 H - an uncursed ring of protection from magic
 Q - an uncursed ring of ice
 R - a ring of poison resistance (right hand)
 V - the ring "Luga" {rCorr MP+9 Dex-4 SInv}
   (You acquired it on level 1 of the Snake Pit)

   [ring of resist corrosion]

   It affects your dexterity (-4).
   It affects your magic capacity (+9).
   It lets you see invisible.
Wands
 i - a wand of scattershot (4/9)
 k - a wand of acid (7/15)
 s - a wand of disintegration (13/24)
 U - a wand of flame (23/48)
 W - a wand of iceblast (9/15)
Scrolls
 m - 4 scrolls of identify
 r - 5 scrolls of fear
 w - 10 scrolls of teleportation
 x - 3 scrolls of blinking
 A - 2 scrolls of recharging
 J - 4 scrolls of enchant armour
 O - 4 scrolls of fog
 P - 10 scrolls of remove curse
 Y - 2 scrolls of magic mapping
Potions
 b - 2 potions of heal wounds
 g - a potion of flight
 h - 2 potions of agility
 n - a potion of berserk rage
 o - 2 potions of cancellation
 z - 2 potions of ambrosia
 B - 8 potions of curing
 D - 2 potions of brilliance
 F - 5 potions of invisibility
 K - 3 potions of might
 L - 4 potions of haste
 N - a potion of resistance
Books
 q - a book of Callings

   Spells                             Type                      Level
   a - Summon Small Mammal            Summoning                    1
   b - Call Imp                       Summoning                    2
   c - Call Canine Familiar           Summoning                    3
   d - Summon Guardian Golem          Hexes/Summoning              3
   e - Summon Lightning Spire         Summoning/Air                4
   f - Summon Ice Beast               Ice/Summoning                4
   Trog disapproves of the use of such an item.
 G - a book of Geomancy

   Spells                             Type                      Level
   a - Sandblast                      Earth                        1
   b - Passwall                       Transmutation/Earth          2
   c - Stone Arrow                    Conjuration/Earth            3
   d - Petrify                        Transmutation/Earth          4
   e - Lee's Rapid Deconstruction     Earth                        5
   Trog disapproves of the use of such an item.
 M - a book of Power

   Spells                             Type                      Level
   a - Iskenderun's Battlesphere      Conjuration/Charms           5
   b - Venom Bolt                     Conjuration/Poison           5
   c - Bolt of Magma                  Conjuration/Fire/Earth       5
   d - Iron Shot                      Conjuration/Earth            6
   e - Orb of Destruction             Conjuration                  7
   f - Spellforged Servitor           Conjuration/Summoning        7
   Trog disapproves of the use of such an item.
 Z - a book of Air

   Spells                             Type                      Level
   a - Shock                          Conjuration/Air              1
   b - Swiftness                      Charms/Air                   2
   c - Static Discharge               Conjuration/Air              3
   d - Airstrike                      Air                          4
   e - Lightning Bolt                 Conjuration/Air              5
   Trog disapproves of the use of such an item.
Comestibles
 f - 18 bread rations
 l - 14 meat rations
 X - 14 fruits


   Skills:
 * Level 18.5 Fighting
 - Level 16.0 Long Blades
 - Level 1.7 Throwing
 + Level 13.7 Armour
 - Level 10.0 Dodging
 * Level 8.6 Shields


You had 16 spell levels left.
You didn't know any spells.

Dungeon Overview and Level Annotations

Branches:
Dungeon (15/15)            Temple (0/1) D:7            Lair (6/6) D:11
 Shoals (0/4) Lair:4        Snake (4/4) Lair:4        Slime (0/5) Lair:6
    Orc (2/2) D:9             Elf (0/3) Orc:2        Vaults (0/5) D:14
 Depths (0/5) D:15

Altars:
Dithmenos
Fedhas
Gozag
Hepliaklqana
Trog
Uskayaw
Xom
Zin
Beogh
Jiyva

Shops:
D:6 *((=:   D:8 !*?*[   D:15 (   Orc:2 ![:(   Snake:1 [   Snake:2 }}=:
Snake:4 }!(

Portals:
Bazaar: D:12

Annotations:
Lair:2 exclusion: oklob plant
Lair:4 exclusion: oklob plant


Innate Abilities, Weirdness & Mutations

You are resistant to damage.
You can heal yourself by infusing magical energy.
You resist negative energy. (rN+)
You passively map the area around you.
You do not regenerate.
You have a somewhat thin skeletal structure. (Dex +2, Stealth)
You are agile. (Dex +2)
Your magical capacity is low. (-10% MP)


Message History

* * * LOW HITPOINT WARNING * * *
You feel yourself speed up. The nagaraja spits poison at you.
You block the splash of poison.
The nagaraja points at you and mumbles some strange words.
You block the poison arrow.
The shock serpent shoots out a bolt of lightning at you!
The bolt of electricity hits you! You resist.
* * * LOW HITPOINT WARNING * * *
The nagaraja points at you and mumbles some strange words.
You resist with almost no effort.
The shock serpent shoots out a bolt of lightning at you!
The bolt of electricity hits you! You resist.
* * * LOW HITPOINT WARNING * * *
You hear a shout!
The shock serpent shoots out a bolt of lightning at you!
The bolt of electricity hits you! You resist.
The shock serpent shoots out a bolt of lightning at you!
The bolt of electricity hits you! You resist.
You die...

#...)N.# ##..†)).###
..........., * **
....#N....... , ,####
............. ...##
............. , ....
##....N.#####,, ,..., ,
#..N...# * ,.. ,,.#*
#...NNN# .# #...
#..#.NN# ##.#.....
#...N..# ####@......#
##..(...#####..........#
.....(..N.NS..........##
..N.N.((N...........###
!................####
.............#####
##############


You could see a shock serpent and a naga.

Vanquished Creatures
  Kirke (D:12)
  5 nagarajas
  Louise (Snake:3)
  Azrael (Snake:1)
  2 blizzard demons (IceCv)
  A yaktaur captain (D:14)
  A rakshasa (D:15)
  3 hydras
  11 naga warriors
  12 two-headed ogres
  2 centaur warriors
  3 catoblepae (Lair:6)
  11 anacondas
  2 ogre magi (D:15)
  10 death yaks (Lair:6)
  9 orc high priests (Orc:2)
  5 naga sharpshooters
  8 shock serpents
  8 skeletal warriors
  An unseen horror (D:10)
  5 naga ritualists
  A necromancer (D:15)
  Pikel (D:6)
  A wolf spider (D:15)
  7 mana vipers
  A cyclops (D:15)
  3 orc sorcerers
  5 ugly things
  8 manticores
  A slime creature (D:6)
  A deep elf mage (D:15)
  6 salamanders
  5 guardian serpents
  33 black mambas
  An ice statue (IceCv)
  13 naga magi
  A centaur zombie (D:14)
  3 torpor snails
  A gargoyle (D:15)
  5 spiny frogs
  5 centaur skeletons
  6 rime drakes
  2 freezing wraiths (IceCv)
  11 komodo dragons
  2 yaktaurs (D:14)
  2 anaconda simulacra (IceCv)
  6 ice devils (IceCv)
  2 golden dragon simulacra (IceCv)
  3 meliai (D:14)
  4 trolls
  A wolf spider simulacrum (D:15)
  3 hornets
  17 dream sheep
  A meliai zombie (D:10)
  8 blink frogs
  A centaur simulacrum (D:14)
  17 hippogriffs
  A shadow (D:14)
  5 dire elephant simulacra (IceCv)
  11 wyverns
  A spriggan (D:10)
  7 basilisks
  3 fire elementals (Snake:1)
  A hog (D:12)
  58 yaks
  2 steam dragons
  6 vampire mosquitoes
  8 wargs
  A harpy simulacrum (IceCv)
  4 iron troll simulacra (IceCv)
  54 nagas
  5 hydra simulacra (IceCv)
  14 water moccasins
  5 hell hounds
  10 porcupines
  6 sky beasts
  4 ice beasts
  A black bear (Lair:2)
  12 orc warriors
  2 phantoms
  An alligator simulacrum (IceCv)
  28 wolves
  8 ogres
  13 centaurs
  19 crocodiles
  4 big kobolds
  18 bullfrogs
  2 wyvern zombies
  8 scorpions
  12 killer bees
  15 wights
  An electric eel (D:10)
  4 crimson imps
  5 howler monkeys
  2 bullfrog zombies
  3 draconian simulacra (IceCv)
  10 jellies
  42 orc priests
  13 hounds
  26 orc wizards
  Crazy Yiuf (D:6)
  4 iguanas
  2 polar bear simulacra (IceCv)
  5 worker ants
  3 troll simulacra (IceCv)
  A wolf simulacrum (IceCv)
  A killer bee zombie (D:9)
  A hound zombie (D:8)
  7 gnolls
  13 adders
  2 naga simulacra (IceCv)
  2 ogre simulacra (IceCv)
  6 shadow imps
  6 white imps (IceCv)
  10 ufetubi (IceCv)
  2 oozes
  2 adder skeletons
  2 worms (D:2)
  3 dart slugs
  3 leopard geckos
  101 orcs
  6 giant cockroaches
  5 goblins
  3 hobgoblins (D:1)
  6 jackals
  16 kobolds
  3 quokkas
  2 ball pythons
  8 bats
  2 frilled lizards
  A leopard gecko skeleton (D:4)
  A quokka zombie (D:7)
  2 rats
977 creatures vanquished.

Vanquished Creatures (collateral kills)
  2 death yaks (Lair:6)
  A spiny frog (Lair:2)
  A hornet (Lair:2)
  A spriggan (Lair:2)
  3 yaks (Lair:6)
  10 wolves (Lair:2)
18 creatures vanquished.

Vanquished Creatures (others)
  A naga sharpshooter (Snake:4)
  Blork the orc (D:6)
  A big kobold (D:6)
  A crimson imp (D:6)
  6 jackals (D:6)
  A quokka (D:6)
  14 fungi
  5 plants
  8 toadstools (D:6)
38 creatures vanquished.

Grand Total: 1033 creatures vanquished

Notes
Turn   | Place    | Note
-------+----------+-------------------------------------------
     0 | D:1      | hilaritas the Deep Dwarf Gladiator began the quest for the Orb.
     0 | D:1      | Reached XP level 1. HP: 19/19 MP: 1/1
   140 | D:1      | Reached XP level 2. HP: 23/26 MP: 2/2
   632 | D:1      | Reached XP level 3. HP: 23/32 MP: 3/3
  1036 | D:2      | Found a bloodstained altar of Trog.
  1044 | D:2      | Became a worshipper of Trog the Wrathful
  1077 | D:2      | Found an opulent altar of Gozag.
  1078 | D:2      | Found a shimmering altar of Xom.
  1097 | D:2      | Reached skill level 1 in Shields
  1262 | D:2      | Reached XP level 4. HP: 17/39 MP: 4/4
  1950 | D:3      | Reached skill level 5 in Long Blades
  2211 | D:3      | Reached * piety under Trog
  2413 | D:4      | Reached XP level 5. HP: 18/45 MP: 4/4
  2482 | D:4      | Reached XP level 6. HP: 42/52 MP: 4/4
  3142 | D:4      | Found a hide-covered altar of Uskayaw.
  3178 | D:5      | Entered Level 5 of the Dungeon
  3202 | D:5      | Reached XP level 7. HP: 55/58 MP: 4/4
  3209 | D:5      | Reached ** piety under Trog
  3934 | D:6      | Found Gaivafay's Book Shoppe.
  3934 | D:6      | Noticed Pikel
  3949 | D:6      | Killed Pikel
  3949 | D:6      | Reached XP level 8. HP: 50/66 MP: 5/5
  3988 | D:6      | Found Luhicig's General Store.
  3999 | D:6      | Reached skill level 10 in Long Blades
  4016 | D:6      | Killed Blork the orc
  4037 | D:6      | Bought a scroll of enchant weapon for 105 gold pieces
  4037 | D:6      | Bought a scroll of enchant armour for 105 gold pieces
  4049 | D:6      | Found Fyhucage's Antique Weapon Shop.
  4057 | D:6      | Found Cikosul's Weapon Shoppe.
  4062 | D:6      | Reached skill level 5 in Shields
  4093 | D:6      | Gained mutation: You passively map the area around you. [Deep Dwarf growth]
  4093 | D:6      | Reached XP level 9. HP: 30/73 MP: 6/6
  4113 | D:6      | Found Qaytopryi's Jewellery Shoppe.
  4289 | D:6      | Killed a large slime creature
  4444 | D:6      | Found a runed door.
  4513 | D:6      | Reached *** piety under Trog
  4522 | D:6      | Reached skill level 2 in Fighting
  4676 | D:6      | Noticed Crazy Yiuf
  4682 | D:6      | Killed Crazy Yiuf
  4717 | D:6      | Reached skill level 1 in Armour
  4758 | D:7      | Found a staircase to the Ecumenical Temple.
  4782 | D:7      | Reached skill level 3 in Fighting
  5183 | D:7      | Found a hazy altar of Hepliaklqana.
  5673 | D:8      | Reached skill level 4 in Fighting
  5714 | D:8      | Reached XP level 10. HP: 72/86 MP: 6/6
  5803 | D:8      | Found Wicommor's Assorted Antiques.
  5822 | D:8      | Found Xuacabov's Magic Scroll Emporium.
  5915 | D:8      | Found Hasaguur's Armour Boutique.
  6049 | D:8      | Found Jial's Distillery.
  6073 | D:8      | Found Fiqil's Assorted Antiques.
  6124 | D:8      | Reached skill level 5 in Fighting
  6459 | D:8      | Reached **** piety under Trog
  6658 | D:9      | Noticed a manticore
  6664 | D:9      | Killed a manticore
  6664 | D:9      | Reached skill level 6 in Fighting
  6664 | D:9      | Reached skill level 5 in Armour
  6683 | D:9      | Found a glowing silver altar of Zin.
  6742 | D:9      | Found a staircase to the Orcish Mines.
  6771 | D:9      | Reached skill level 5 in Dodging
  6951 | D:9      | Found a shadowy altar of Dithmenos.
  7253 | D:9      | Reached skill level 7 in Fighting
  7365 | D:10     | Entered Level 10 of the Dungeon
  7369 | D:10     | Noticed an unseen horror
  7440 | D:10     | Killed an unseen horror
  7514 | D:10     | Noticed a two-headed ogre
  7523 | D:10     | Killed a two-headed ogre
  7523 | D:10     | Reached XP level 11. HP: 57/103 MP: 6/6
  7676 | D:10     | Reached skill level 8 in Fighting
  7884 | D:10     | Reached ***** piety under Trog
  8214 | D:11     | Found a staircase to the Lair.
  8434 | D:11     | Noticed a purple ugly thing
  8440 | D:11     | Killed a purple ugly thing
  8440 | D:11     | Reached skill level 9 in Fighting
  8635 | D:11     | Got a bronze chain mail
  8646 | D:11     | Identified the +5 chain mail of Follow the Leader {Dex+3 Slay+2} (You found it on level 11 of the Dungeon)
  9302 | D:12     | Received a gift from Trog
  9536 | D:12     | Found a gateway to a bazaar.
  9652 | D:12     | Noticed Kirke
  9657 | D:12     | Noticed a lindwurm
  9670 | D:12     | Killed Kirke
  9670 | D:12     | Reached skill level 10 in Fighting
  9830 | D:13     | Reached XP level 12. HP: 95/116 MP: 5/5
  9919 | D:13     | Noticed a centaur warrior
  9923 | D:13     | Killed a centaur warrior
 10426 | Lair:1   | Entered Level 1 of the Lair of Beasts
 10575 | Lair:1   | Received a gift from Trog
 10604 | Lair:1   | Reached skill level 10 in Dodging
 11180 | Lair:1   | Reached skill level 10 in Armour
 11685 | Lair:2   | Noticed an eight-headed hydra
 11697 | Lair:2   | Killed an eight-headed hydra
 11924 | Lair:2   | Noticed a five-headed hydra
 11932 | Lair:2   | Killed a five-headed hydra
 12054 | Lair:2   | Reached XP level 13. HP: 75/124 MP: 1/4
 12563 | Lair:3   | Received a gift from Trog
 12820 | Lair:3   | Gained mutation: Your spells are a little harder to cast, but a little more powerful. [potion of mutation]
 12820 | Lair:3   | Gained mutation: You have sharp fingernails. [potion of mutation]
 12821 | Lair:3   | Lost mutation: You have sharp fingernails. [potion of mutation]
 12821 | Lair:3   | Lost mutation: Your spells are a little harder to cast, but a little more powerful. [potion of mutation]
 12821 | Lair:3   | Gained mutation: You are frail. (-10% HP) [potion of mutation]
 12821 | Lair:3   | Gained mutation: You have large cloven feet. [potion of mutation]
 12821 | Lair:3   | Gained mutation: Your flesh is cold resistant. (rC+) [potion of mutation]
 12822 | Lair:3   | Lost mutation: You are frail. (-10% HP) [potion of mutation]
 12822 | Lair:3   | Lost mutation: You have large cloven feet. [potion of mutation]
 12822 | Lair:3   | Lost mutation: Your flesh is cold resistant. (rC+) [potion of mutation]
 12822 | Lair:3   | Gained mutation: You have a somewhat thin skeletal structure. (Dex +2, Stealth) [potion of mutation]
 12822 | Lair:3   | Gained mutation: You are agile. (Dex +2) [potion of mutation]
 12822 | Lair:3   | Gained mutation: Your magical capacity is low. (-10% MP) [potion of mutation]
 13143 | Lair:4   | Reached skill level 15 in Long Blades
 13381 | Lair:4   | Found a staircase to the Shoals.
 13414 | Lair:4   | Found a staircase to the Snake Pit.
 13493 | Lair:4   | Reached skill level 11 in Fighting
 15100 | Lair:6   | Entered Level 6 of the Lair of Beasts
 15169 | Lair:6   | Gained mutation: You resist negative energy. (rN+) [Deep Dwarf growth]
 15169 | Lair:6   | Reached XP level 14. HP: 92/135 MP: 1/3
 15282 | Lair:6   | Found a staircase to the Slime Pits.
 15287 | Lair:6   | Found a viscous altar of Jiyva.
 15434 | Lair:6   | Reached skill level 12 in Fighting
 15745 | Lair:6   | Reached skill level 13 in Fighting
 16771 | D:14     | Found a gate to the Vaults.
 16774 | D:14     | Received a gift from Trog
 16793 | D:14     | Reached skill level 14 in Fighting
 17057 | D:15     | Entered Level 15 of the Dungeon
 17302 | D:15     | Found Meugiac's Antique Weapon Emporium.
 17517 | D:15     | Reached XP level 15. HP: 101/152 MP: 1/4
 17552 | D:15     | Found a staircase to the Depths.
 17660 | D:15     | Received a gift from Trog
 18028 | D:15     | Reached skill level 15 in Fighting
 18103 | D:15     | Found a blossoming altar of Fedhas.
 18771 | D:8      | Bought the +3 crown of Dyrovepreva {rElec Int+2 SInv} for 1324 gold pieces
 18842 | Orc:1    | Entered Level 1 of the Orcish Mines
 19173 | Orc:2    | Entered Level 2 of the Orcish Mines
 19263 | Orc:2    | Found a staircase to the Elven Halls.
 19376 | Orc:2    | Found Yhanutio's Distillery.
 19380 | Orc:2    | Found Ikocuippi's Armour Emporium.
 19704 | Orc:2    | Found a roughly hewn altar of Beogh.
 19800 | Orc:2    | Found Soruutiy's Book Boutique.
 19800 | Orc:2    | Found Gakootet's Weapon Emporium.
 20464 | Snake:1  | Entered Level 1 of the Snake Pit
 20473 | Snake:1  | Received a gift from Trog
 20474 | Snake:1  | Reached skill level 16 in Fighting
 20536 | Snake:1  | Noticed Azrael
 20543 | Snake:1  | Found Rich's Antique Armour Boutique.
 20559 | Snake:1  | Killed Azrael
 20592 | Snake:1  | Identified a scroll of acquirement
 20593 | Snake:1  | Got a slimy marble ring
 20595 | Snake:1  | Identified the ring "Luga" {rCorr MP+9 Dex-4 SInv} (You acquired it on level 1 of the Snake Pit)
 20918 | Snake:1  | Reached XP level 16. HP: 123/166 MP: 1/5
 21386 | Snake:2  | Found a frozen archway.
 21400 | IceCv    | Entered an ice cave
 21615 | IceCv    | Received a gift from Trog
 21739 | IceCv    | Reached skill level 17 in Fighting
 22328 | Snake:2  | Found Iweunog's Book Boutique.
 22504 | Snake:2  | Found Doczejik's Jewellery Shop.
 22504 | Snake:2  | Found Peful's Gadget Shoppe.
 22506 | Snake:2  | Found Bismanu's Gadget Shoppe.
 23374 | Snake:3  | Reached skill level 18 in Fighting
 23470 | Snake:3  | Noticed Louise
 23475 | Snake:3  | Killed Louise
 24267 | D:8      | Bought the +10 large shield of Ignorance {rN+ Int-4} for 1890 gold pieces
 24527 | Snake:4  | Entered Level 4 of the Snake Pit
 24686 | Snake:4  | Found Kymempie's Gadget Boutique.
 24694 | Snake:4  | Found Xiuteix's Distillery.
 24696 | Snake:4  | Found Fucke's Antique Weapon Boutique.
 24776 | Snake:4  | Reached XP level 17. HP: 181/181 MP: 1/4
 24968 | Snake:4  | HP: 6/181 [shock serpent/bolt of electricity (6)]
 24975 | Snake:4  | Killed from afar by a shock serpent

Skill      XL: |  1  2  3  4  5  6  7  8  9 10 11 12 13 14 15 16 17 |
---------------+----------------------------------------------------+-----
Long Blades    | 4 5 6 7 9 11 12 13 16 | 16.0
Shields        | 1 2 4 5 6 8 |  8.6
Fighting       | 4 7 10 11 14 16 18 | 18.5
Armour         | 3 5 7 10 11 12 13 | 13.7
Dodging        | 6 8 10 | 10.0
Throwing       | |  1.7

Action                   |  1- 3 |  4- 6 |  7- 9 | 10-12 | 13-15 | 16-18 || total
-------------------------+-------+-------+-------+-------+-------+-------++-------
Melee: Long sword        |    95 |    97 |   252 |   364 |       |       ||   808
       Short sword       |       |    47 |       |       |       |       ||    47
       Falchion          |       |       |       |    35 |       |       ||    35
       Double sword      |       |       |       |   116 |   931 |   553 ||  1600
       Rapier            |       |       |       |    13 |     6 |       ||    19
Throw: Throwing net      |       |       |     2 |     2 |       |       ||     4
       Tomahawk          |       |       |       |    11 |       |       ||    11
Invok: Berserk           |       |     3 |     3 |     4 |     6 |     6 ||    22
       Trog's Hand       |       |       |     4 |     5 |    55 |    34 ||    98
       Brothers in Arms  |       |       |       |     1 |     1 |       ||     2
 Abil: Heal Wounds       |       |     5 |     1 |    19 |     3 |     3 ||    31
  Use: Scroll            |       |     9 |     8 |     6 |    17 |     6 ||    46
       Potion            |       |     1 |       |       |     5 |     6 ||    12
 Stab: Held in net/web   |       |       |     1 |       |       |       ||     1
       Sleeping          |       |       |       |     1 |       |       ||     1
       Petrified         |       |       |       |       |     4 |       ||     4
       Petrifying        |       |       |       |       |     1 |       ||     1
  Eat: Chunk             |     1 |     9 |    13 |    27 |    43 |     9 ||   102
       Royal jelly       |       |       |       |       |     7 |     2 ||     9
       Fruit             |       |       |       |       |     1 |    22 ||    23
Armor: Leather armour    |     3 |       |       |       |       |       ||     3
       Scale mail        |    30 |    80 |    68 |       |       |       ||   178
       Ring mail         |       |       |    15 |     8 |       |       ||    23
       Steam dragon scal |       |       |       |    62 |       |       ||    62
       Chain mail        |       |       |       |   136 |   405 |   286 ||   827
Dodge: Dodged            |    64 |   106 |   107 |   281 |   619 |   293 ||  1470
Block: Buckler           |     5 |    42 |    70 |   124 |   278 |   111 ||   630
       Large shield      |       |       |       |       |       |   349 ||   349
       Rpst.: Long sword |    16 |    13 |    30 |    50 |       |       ||   109
       Falchion          |       |       |       |    12 |       |       ||    12
       Double sword      |       |       |       |    22 |   148 |    62 ||   232
